 Dungeon Sprint DCSS version 0.23.2-1-ga50397a6bc (webtiles) character file.

Game seed: 15067357172291042012

26325027 Groucho the Invulnerable (level 24, 272/272 HPs)
             Began as a Naga Fighter on Apr 15, 2019.
             Was the Champion of Cheibriados.
             Escaped with the Orb
             ... and 9 runes!
             The game lasted 01:07:57 (19911 turns).

Groucho the Invulnerable (Naga Fighter)            Turns: 19911, Time: 01:07:57

Health: 272/272    AC: 56    Str: 35    XL:     24   Next: 61%
Magic:  52/52      EV: 35    Int: 24    God:    Cheibriados [******]
Gold:   96         SH: 35    Dex: 36    Spells: 74/74 levels left

rFire    + + .     SeeInvis +   n - +9 broad axe (chop)
rCold    + . .     Gourm    .   w - +0 large shield {rN+}
rNeg     + + .     Faith    .   I - +8 gold dragon scales
rPois    +         Spirit   .   u - +0 helmet
rElec    .         Reflect  +   W - +2 cloak
rCorr    .         Harm     .   R - +1 pair of gloves
MR       +++..     NoTele   +   Q - +1 naga barding
Stlth    ..........             D - +4 amulet of reflection
HPRegen  0.55/turn              V - ring "Ynepeh" {rF+ rN+}
MPRegen  0.33/turn              z - +5 ring of evasion

@: very slow
A: large, see invisible, deformed body, poison resistance, slowness 2, slow
metabolism 1, spit poison 1, constrict 1, AC +8
0: Orb of Zot
}: 9/17 runes: decaying, serpentine, barnacled, slimy, elven, silver, golden,
abyssal, gossamer
a: Spit Poison, Bend Time, Temporal Distortion, Slouch, Step From Time, Renounce
Religion


You escaped.
You worshipped Cheibriados.
Cheibriados was exalted by your worship.
You were not hungry.

You visited 1 branch You collected 1940 gold pieces.
You spent 1844 gold pieces at shops.

Inventory:

Hand Weapons
 n - a +9 broad axe of chopping (weapon)
 p - a +2 sacred scourge of holy wrath
 G - the +8 falchion of Magnificence {slice, rPois rN++ MP-9 Int+3}
   (You took it off an ironheart preserver in the Dungeon)

   It inflicts extra damage upon your enemies.
   It affects your intelligence (+3).
   It protects you from poison.
   It greatly protects you from negative energy.
   It affects your magic capacity (-9).
 X - a +3 broad axe of flaming
Missiles
 c - 10 javelins of returning (quivered)
 x - 5 tomahawks of returning
Armour
 u - a +0 helmet (worn)
 w - a +0 large shield of positive energy (worn)
 F - the +1 helmet "Fupoeq" {rC- MP+9 Int+8 SInv}
   (You found it in the Dungeon)

   It affects your intelligence (+8).
   It makes you vulnerable to cold.
   It affects your magic capacity (+9).
   It lets you see invisible.
 I - +8 gold dragon scales (worn)
 O - the +0 cloak "Caagitt" {rElec}
   (You found it in the Dungeon)

   It insulates you from electricity.
 P - a +5 plate armour
 Q - a +1 naga barding (worn)
 R - a +1 pair of gloves (worn)
 W - a +2 cloak (worn)
Jewellery
 b - a +2 ring of protection
 h - a +6 ring of dexterity
 r - a +3 ring of intelligence
 v - the ring "Pyamiwif" {rElec EV+3 Str+7}
   (You found it in the Dungeon)

   [ring of evasion]

   It affects your evasion (+3).
   It affects your strength (+7).
   It insulates you from electricity.
 z - a +5 ring of evasion (right hand)
 A - an uncursed ring of positive energy
 B - an uncursed ring of protection from fire
 C - an uncursed ring of positive energy
 D - a +4 amulet of reflection (around neck)
 E - an uncursed ring of protection from magic
 K - a +6 ring of intelligence
 L - a +6 ring of strength
 M - an uncursed ring of wizardry
 N - a +4 ring of evasion
 S - the amulet "Wiusiha" {Gourm +Inv rF+ rC+}
   (You found it in the Dungeon)

   [amulet of the gourmand]

   It allows you to eat raw meat even when not hungry.
   It protects you from fire.
   It protects you from cold.
   It lets you turn invisible.
 T - the ring "Vaakyvat" {rN+ MR- Dex+4}
   (You found it in the Dungeon)

   [ring of positive energy]

   It affects your dexterity (+4).
   It protects you from negative energy.
   It affects your resistance to hostile enchantments.
 U - the ring of Xom's Regard {rN+ Str+3}
   (You found it in the Dungeon)

   [ring of strength]

   It affects your strength (+3).
   It protects you from negative energy.
 V - the ring "Ynepeh" (left hand) {rF+ rN+}
   (You found it in the Dungeon)

   [ring of protection from fire]

   It protects you from fire.
   It protects you from negative energy.
Wands
 m - a wand of acid (10)
Scrolls
 a - 3 scrolls of enchant weapon
 j - 7 scrolls of remove curse
 k - 6 scrolls of blinking
 l - 2 scrolls of amnesia
 t - 2 scrolls of fog
 y - 5 scrolls of identify
 J - 6 scrolls of fear
Potions
 d - 5 potions of might
 e - 7 potions of curing
 g - 2 potions of heal wounds
 i - 4 potions of magic
 o - a potion of flight {unknown}
 s - 2 potions of agility
 H - 2 potions of resistance
Miscellaneous
 q - the horn of Geryon
Comestibles
 f - a ration


   Skills:
 O Level 27 Fighting
 O Level 27 Axes
 O Level 27 Throwing
 O Level 27 Armour
 O Level 27 Dodging
 O Level 27 Shields
 O Level 27 Unarmed Combat
 + Level 25.5 Spellcasting
 O Level 27 Invocations
 O Level 27 Evocations


You had 74 spell levels left.
You didn't know any spells.
Your spell library contained the following spells:

 Spells                   Type           Power        Failure   Level  Hunger
 Corpse Rot               Necr           N/A          7%          2    None
 Sublimation of Blood     Necr           ####......   7%          2    None
 Agony                    Necr           ####....     77%         5    None
 Bolt of Draining         Conj/Necr      ####......   77%         5    None
 Dispel Undead            Necr           ####....     77%         5    None
 Excruciating Wounds      Chrm/Necr      ####......   77%         5    None


Dungeon Overview and Level Annotations

Branches:
Dungeon (1/1)

Altars:
Cheibriados
Dithmenos
Elyvilon
Fedhas
Gozag
Hepliaklqana
Kikubaaqudgha
Makhleb
Nemelex Xobeh
Okawaru
Qazlal
Ru
Sif Muna
Trog
Uskayaw
Vehumet
Wu Jian
Xom
Yredelemnul
Zin
The Shining One
Beogh
Jiyva
Lugonu

Shops:
D =?[?


Innate Abilities, Weirdness & Mutations

You cannot wear boots.
Your serpentine skin is tough. (AC +8)
You have supernaturally acute eyesight. (SInv)
Armour fits poorly on your strangely shaped body.
Your system is resistant to poisons. (rPois)
You cover ground very slowly.
You have a slow metabolism.
You can spit poison.
You can use your snake-like lower body to constrict enemies.


Message History

There is a shadowy altar of Dithmenos here.
There is a snail-covered altar of Cheibriados here.
There is a roughly hewn altar of Beogh here.
There is an open door to the Temple here.
You see here a +0 whip.
There is an open door, spattered with blood here.
Things that are here:
a potion of haste; a +0 dagger; a +0 robe
Items here: ( )) [[ a +3 scimitar of flaming; a cursed -2 hunting sling; 18 stones; a +0 robe a +0 buckler
Things that are here:
a +7 great sword of flaming; +0 fire dragon scales
Things that are here:
a +3 whip of holy wrath; a +0 robe; 4 stones
There is an open door to the Dungeon here.
Things that are here:
a +2 whip of holy wrath; a +0 robe; a stone
There is a staircase leading out of the dungeon here.
You have escaped!

▓.............').)
▓.▓▓▓▓▓▓▓▓▓▓▓▓▓▓▓▓
▓.................
▓▓▓▓▓▓▓▓▓▓▓▓▓▓▓▓▓▓
▓.....))')...![:..
▓.▓▓▓▓▓▓▓▓▓▓▓▓▓▓▓▓
▓.................
▓▓▓▓▓▓▓▓▓▓▓▓▓▓▓▓▓▓
▓@..)')))..!)....'
▓▓▓▓▓▓▓▓▓▓▓▓▓▓▓▓▓▓


There were no monsters in sight!

Vanquished Creatures
  the Royal Jelly (D)
  2 seraphim (D)
  7 ancient liches (D)
  Mara (D)
  4 orbs of fire (D)
  Mennas (D)
  5 greater mummies (D)
  Margery (D)
  Xtahua (D)
  Frederick (D)
  2 Killer Klowns (D)
  Geryon (D)
  2 golden dragons (D)
  3 profane servitors (D)
  Nikola (D)
  2 bone dragons (D)
  6 Tzitzimimeh (D)
  2 electric golems (D)
  4 Brimstone Fiends (D)
  3 tentacled monstrosities (D)
  51 Orb Guardians (D)
  3 Hell Sentinels (D)
  4 quicksilver dragons (D)
  4 Ice Fiends (D)
  12 sphinxes (D)
  A lich (D)
  2 deep elf blademasters (D)
  11 acid blobs (D)
  4 Executioners (D)
  A tentacled starspawn (D)
  2 death cobs (D)
  4 pandemonium lords (D)
  4 thorn hunters (D)
  2 storm dragons (D)
  A tengu reaver (D)
  3 draconian monks (D)
  6 shadow dragons (D)
  7 nagarajas (D)
  2 fire giants (D)
  9 azure jellies (D)
  4 frost giants (D)
  A daeva (D)
  4 vault wardens (D)
  Ilsuiw (D)
  Aizul (D)
  A draconian knight (D)
  A cacodemon (D)
  A draconian scorcher (D)
  7 emperor scorpions (D)
  4 draconian shifters (D)
  2 balrugs (D)
  6 angels (D)
  2 warmongers (D)
  A draconian stormcaller (D)
  A very ugly thing (D)
  3 ironheart preservers (D)
  3 reapers (D)
  2 draconian annihilators (D)
  5 stone giants (D)
  8 vampire knights (D)
  2 green draconians (D)
  A corrupter (D)
  2 deep elf annihilators (D)
  3 yellow draconians (D)
  2 black draconians (D)
  3 deep elf demonologists (D)
  2 lorocyprocas (D)
  A white draconian (D)
  6 blizzard demons (D)
  6 merfolk impalers (D)
  A merfolk javelineer (D)
  5 death oozes (D)
  2 mummy priests (D)
  2 ettins (D)
  4 purple draconians (D)
  2 deep elf death magi (D)
  A yaktaur captain (D)
  2 green deaths (D)
  3 fire dragons (D)
  2 great orbs of eyes (D)
  25 vault guards (D)
  2 rakshasas (D)
  9 hydras (D)
  Harold (D)
  6 ice dragons (D)
  5 deep elf high priests (D)
  2 naga warriors (D)
  2 centaur warriors (D)
  A hell beast (D)
  A ghost crab (D)
  2 merfolk aquamancers (D)
  2 monstrous demonspawn (D)
  An anaconda (D)
  3 ogre magi (D)
  A satyr (D)
  A tengu warrior (D)
  A hell hog (D)
  A death knight (D)
  7 orc high priests (D)
  3 deep troll shamans (D)
  2 small abominations (D)
  A shock serpent (D)
  A naga sharpshooter (D)
  2 sun demons (D)
  Nergalle (D)
  2 soul eaters (D)
  A salamander mystic (D)
  2 hell knights (D)
  3 sixfirhies (D)
  2 infernal demonspawn (D)
  2 unseen horrors (D)
  A deep troll (shapeshifter) (D)
  2 naga ritualists (D)
  2 torturous demonspawn (D)
  A cherub (D)
  A swamp dragon (D)
  4 shadow demons (D)
  A wizard (D)
  A deep elf archer (D)
  A harpy (D)
  4 orc knights (D)
  3 ironbrand convokers (D)
  2 necromancers (D)
  5 wolf spiders (D)
  A mana viper (D)
  An orb spider (D)
  An orc sorcerer (D)
  2 manticores (D)
  12 moths of wrath (D)
  A worldbinder (D)
  2 cyclopes (D)
  Joseph (D)
  7 vault sentinels (D)
  2 guardian serpents (D)
  A water nymph (D)
  2 rust devils (D)
  2 naga magi (D)
  3 spiny frogs (D)
  2 smoke demons (D)
  A torpor snail (D)
  A hellion (D)
  4 demonic crawlers (D)
  A tormentor (D)
  3 ice devils (D)
  7 yaktaurs (D)
  A freezing wraith (D)
  An ancient zyme (D)
  7 red devils (D)
  A hellwing (D)
  A wandering mushroom (D)
  2 jumping spiders (D)
  21 guardian mummies (D)
  A polar bear (D)
  2 tyrant leeches (D)
  3 hornets (D)
  5 merfolk (D)
  A snapping turtle (D)
  A blink frog (D)
  11 spriggans (D)
  A shadow (D)
  A tarantella (D)
  3 ynoxinuls (D)
  A redback (D)
  3 wyverns (D)
  3 yaks (D)
  6 golden eyes (D)
  A vampire mosquito (D)
  2 chaos spawn (D)
  2 neqoxecs (D)
  2 wargs (D)
  2 large abominations (D)
  3 acid dragons (D)
  2 nagas (D)
  An insubstantial wisp (D)
  A water moccasin (D)
  3 floating eyes (D)
  3 porcupines (D)
  2 swamp drakes (D)
  A hell hound (D)
  A black bear (D)
  A sky beast (D)
  11 orc warriors (D)
  5 wolves (D)
  2 centaurs (D)
  3 crocodiles (D)
  4 bullfrogs (D)
  A killer bee (D)
  A wight (D)
  A crimson imp (D)
  3 jellies (D)
  10 orc priests (D)
  An iron imp (D)
  A worker ant (D)
  An iguana (D)
  5 orc wizards (D)
  An ufetubus (D)
  2 adder skeletons (D)
  7 orcs (D)
  A bat (D)
  3 bat skeletons (D)
  A giant cockroach (D)
  A hobgoblin (D)
  A kobold (D)
  2 rats (D)
  2 crawling corpses (D)
646 creatures vanquished.

Vanquished Creatures (others)
  A wizard (D)
  4 briar patches (D)
  2 starspawn tentacles (D)
7 creatures vanquished.

Grand Total: 653 creatures vanquished

Notes
Turn   | Place    | Note
-------+----------+-------------------------------------------
     0 | D        | Groucho the Naga Fighter began the quest for the Orb.
     0 | D        | Reached XP level 1. HP: 21/21 MP: 1/1
    23 | D        | Noticed an orc wizard
    23 | D        | Noticed an iguana
    27 | D        | Killed an orc wizard
    27 | D        | Reached XP level 2. HP: 18/30 MP: 2/2
    27 | D        | Reached XP level 3. HP: 21/36 MP: 3/3
    35 | D        | Reached XP level 4. HP: 40/45 MP: 4/4
   346 | D        | Found a roughly hewn altar of Beogh.
   346 | D        | Found a snail-covered altar of Cheibriados.
   346 | D        | Found a shadowy altar of Dithmenos.
   346 | D        | Found a white marble altar of Elyvilon.
   346 | D        | Found a blossoming altar of Fedhas.
   346 | D        | Found an opulent altar of Gozag.
   347 | D        | Found a hazy altar of Hepliaklqana.
   348 | D        | Found a viscous altar of Jiyva.
   349 | D        | Found an ancient bone altar of Kikubaaqudgha.
   350 | D        | Became a worshipper of Cheibriados the Contemplative
   351 | D        | Found a corrupted altar of Lugonu.
   352 | D        | Found a burning altar of Makhleb.
   353 | D        | Found a sparkling altar of Nemelex Xobeh.
   354 | D        | Found an iron altar of Okawaru.
   355 | D        | Found a stormy altar of Qazlal.
   356 | D        | Found a sacrificial altar of Ru.
   357 | D        | Found a deep blue altar of Sif Muna.
   358 | D        | Found a bloodstained altar of Trog.
   359 | D        | Found a hide-covered altar of Uskayaw.
   360 | D        | Found a radiant altar of Vehumet.
   361 | D        | Found an ornate altar of the Wu Jian Council.
   362 | D        | Found a shimmering altar of Xom.
   363 | D        | Found a basalt altar of Yredelemnul.
   364 | D        | Found a glowing silver altar of Zin.
   365 | D        | Found a glowing golden altar of the Shining One.
   410 | D        | Noticed a black bear
   410 | D        | Noticed a bullfrog
   410 | D        | Noticed a centaur
   416 | D        | Killed a black bear
   416 | D        | Reached skill level 5 in Fighting
   416 | D        | Reached skill level 5 in Axes
   416 | D        | Reached XP level 5. HP: 36/55 MP: 5/5
   419 | D        | Reached * piety under Cheibriados
   428 | D        | Reached skill level 5 in Armour
   428 | D        | Reached skill level 5 in Shields
   435 | D        | Reached ** piety under Cheibriados
   435 | D        | Reached skill level 1 in Invocations
   435 | D        | Reached XP level 6. HP: 32/63 MP: 6/6
   442 | D        | Reached *** piety under Cheibriados
  1071 | D        | Noticed a yak
  1071 | D        | Noticed a sky beast
  1071 | D        | Noticed a wyvern
  1075 | D        | Killed a yak
  1075 | D        | Reached XP level 7. HP: 73/73 MP: 7/10
  1080 | D        | Reached **** piety under Cheibriados
  1090 | D        | Reached skill level 5 in Invocations
  1095 | D        | Killed a wyvern
  1095 | D        | Reached ***** piety under Cheibriados
  1211 | D        | Noticed a wyvern
  1211 | D        | Noticed a spiny frog
  1213 | D        | Killed a wyvern
  1213 | D        | Reached XP level 8. HP: 72/82 MP: 12/12
  1216 | D        | Killed a spiny frog
  1216 | D        | Reached ****** piety under Cheibriados
  1216 | D        | Noticed a wyvern
  1218 | D        | Reached XP level 9. HP: 62/93 MP: 7/14
  1449 | D        | Noticed a polar bear
  1449 | D        | Noticed a spiny frog
  1449 | D        | Noticed a torpor snail
  1450 | D        | Killed a spiny frog
  1450 | D        | Reached skill level 10 in Fighting
  1450 | D        | Reached skill level 10 in Axes
  1451 | D        | Killed a polar bear
  1455 | D        | Killed a torpor snail
  1461 | D        | Reached XP level 10. HP: 94/103 MP: 6/17
  1659 | D        | Reached skill level 10 in Invocations
  1855 | D        | Noticed an orc high priest
  1864 | D        | Noticed an orc sorcerer
  1865 | D        | Killed an orc high priest
  1865 | D        | Reached skill level 10 in Armour
  1865 | D        | Reached skill level 10 in Shields
  1867 | D        | Noticed a sixfirhy
  1871 | D        | Killed an orc sorcerer
  2053 | D        | Found Jykkov's Jewellery Emporium.
  2053 | D        | Noticed an orc high priest
  2053 | D        | Noticed an orc high priest
  2054 | D        | Noticed an orc high priest
  2054 | D        | Noticed an orc high priest
  2057 | D        | Killed an orc high priest
  2057 | D        | Reached XP level 11. HP: 103/114 MP: 19/19
  2058 | D        | Found Bicecogegh's Magic Scroll Shoppe.
  2062 | D        | Killed an orc high priest
  2062 | D        | Killed an orc high priest
  2062 | D        | Killed an orc high priest
  2256 | D        | Found Umiedgh's Armour Emporium.
  2260 | D        | Found Lehimine's Magic Scroll Shoppe.
  2263 | D        | Noticed an orc high priest
  2264 | D        | Noticed an orc high priest
  2267 | D        | Killed an orc high priest
  2267 | D        | Reached skill level 1 in Dodging
  2267 | D        | Killed an orc high priest
  2282 | D        | Bought a scroll of magic mapping for 45 gold pieces
  2282 | D        | Bought a scroll of enchant weapon for 97 gold pieces
  2282 | D        | Bought a scroll of identify for 26 gold pieces
  2282 | D        | Bought a scroll of identify for 26 gold pieces
  2286 | D        | Bought a +5 ring of evasion for 550 gold pieces
  2286 | D        | Bought an uncursed ring of positive energy for 200 gold
                  | pieces
  2286 | D        | Bought an uncursed ring of protection from fire for 250
                  | gold pieces
  2286 | D        | Bought an uncursed ring of positive energy for 200 gold
                  | pieces
  2286 | D        | Bought a +4 amulet of reflection for 270 gold pieces
  2292 | D        | Bought 2 scrolls of enchant armour for 180 gold pieces
  2332 | D        | Noticed Joseph
  2340 | D        | Killed Joseph
  2409 | D        | Got the +1 helmet "Fupoeq" {rC- MP+9 Int+8 SInv}
  2477 | D        | Noticed a stone giant
  2477 | D        | Noticed an ice dragon
  2477 | D        | Noticed an ettin
  2478 | D        | Noticed an ettin
  2479 | D        | Noticed a stone giant
  2480 | D        | Noticed a frost giant
  2480 | D        | HP: 5/117 [stone giant (27)]
  2481 | D        | Noticed a centaur warrior
  2487 | D        | Killed a centaur warrior
  2488 | D        | Killed a stone giant
  2488 | D        | Killed an ettin
  2488 | D        | Reached XP level 12. HP: 67/127 MP: 9/21
  2488 | D        | Killed an ettin
  2489 | D        | Killed an ice dragon
  2489 | D        | Reached skill level 5 in Dodging
  2491 | D        | Killed a stone giant
  2496 | D        | Killed a frost giant
  2973 | D        | Noticed a naga sharpshooter
  2973 | D        | Noticed an anaconda
  2973 | D        | Noticed a naga warrior
  2973 | D        | Noticed a shock serpent
  2976 | D        | Killed an anaconda
  2976 | D        | Killed a shock serpent
  2981 | D        | Killed a naga warrior
  2983 | D        | Killed a naga sharpshooter
  2994 | D        | Reached skill level 15 in Fighting
  3421 | D        | Gained mutation: You can use your snake-like lower body to
                  | constrict enemies. [Naga growth]
  3421 | D        | Reached XP level 13. HP: 116/138 MP: 22/22
  3423 | D        | Reached skill level 15 in Axes
  3643 | D        | Noticed a thorn hunter
  3643 | D        | Noticed a thorn hunter
  3646 | D        | Noticed a thorn hunter
  3649 | D        | Killed a thorn hunter
  3650 | D        | Killed a thorn hunter
  3651 | D        | Killed a thorn hunter
  3654 | D        | Noticed a thorn hunter
  3669 | D        | Killed a thorn hunter
  4116 | D        | Noticed Aizul
  4126 | D        | Killed Aizul
  4126 | D        | Reached skill level 1 in Throwing
  4166 | D        | Noticed Harold
  4175 | D        | Killed Harold
  4175 | D        | Reached skill level 10 in Dodging
  4241 | D        | Noticed a fire dragon
  4241 | D        | Noticed a great orb of eyes
  4242 | D        | Noticed an ice dragon
  4252 | D        | Killed a fire dragon
  4257 | D        | Noticed a frost giant
  4258 | D        | Reached XP level 14. HP: 145/151 MP: 23/23
  4264 | D        | Noticed a fire giant
  4282 | D        | Killed a frost giant
  4282 | D        | Reached skill level 5 in Throwing
  4285 | D        | Killed a fire giant
  4300 | D        | Noticed a stone giant
  4308 | D        | Noticed a green very ugly thing
  4316 | D        | Killed a stone giant
  4316 | D        | Reached skill level 15 in Armour
  4316 | D        | Reached skill level 15 in Shields
  4319 | D        | Killed a green very ugly thing
  4498 | D        | Noticed an ironheart preserver
  4522 | D        | Killed an ironheart preserver
  4544 | D        | Noticed a vault warden
  4546 | D        | Noticed a vault warden
  4570 | D        | Killed a vault warden
  4579 | D        | Killed a vault warden
  5225 | D        | Got the +0 cloak "Caagitt" {rElec}
  5320 | D        | Noticed Nikola
  5328 | D        | Noticed Mennas
  5333 | D        | Killed Nikola
  5333 | D        | Reached XP level 15. HP: 140/158 MP: 14/24
  5345 | D        | Killed Mennas
  5345 | D        | Reached skill level 10 in Throwing
  5427 | D        | Noticed an emperor scorpion
  5427 | D        | Noticed an emperor scorpion
  5427 | D        | Noticed an emperor scorpion
  5427 | D        | Noticed an emperor scorpion
  5427 | D        | Noticed an emperor scorpion
  5427 | D        | Noticed an emperor scorpion
  5443 | D        | Killed an emperor scorpion
  5455 | D        | Killed an emperor scorpion
  5462 | D        | Killed an emperor scorpion
  5473 | D        | Killed an emperor scorpion
  5484 | D        | Killed an emperor scorpion
  5506 | D        | Killed an emperor scorpion
  5516 | D        | Noticed an emperor scorpion
  5536 | D        | Killed an emperor scorpion
  5541 | D        | Got a gossamer rune of Zot
  5772 | D        | Noticed a nagaraja
  5772 | D        | Noticed a nagaraja
  5773 | D        | Noticed a nagaraja
  5778 | D        | Killed a nagaraja
  5780 | D        | Noticed a nagaraja
  5781 | D        | Noticed a nagaraja
  5783 | D        | Killed a nagaraja
  5783 | D        | Killed a nagaraja
  5784 | D        | Killed a nagaraja
  5784 | D        | Noticed a nagaraja
  5786 | D        | Killed a nagaraja
  5789 | D        | Noticed a nagaraja
  5793 | D        | Killed a nagaraja
  5800 | D        | Killed a nagaraja
  5807 | D        | Got a serpentine rune of Zot
  5935 | D        | Noticed Ilsuiw
  5939 | D        | Reached skill level 15 in Dodging
  5944 | D        | Killed Ilsuiw
  5944 | D        | Reached XP level 16. HP: 166/166 MP: 6/25
  5972 | D        | Got a barnacled rune of Zot
  6077 | D        | Got a decaying rune of Zot
  6121 | D        | Noticed Mara
  6127 | D        | Noticed Groucho's illusion
  6173 | D        | Killed Mara
  6443 | D        | Noticed a quicksilver dragon
  6461 | D        | Killed a quicksilver dragon
  6461 | D        | Reached XP level 17. HP: 113/174 MP: 20/26
  6472 | D        | Identified the +8 falchion of Magnificence {slice, rPois
                  | rN++ MP-9 Int+3}
  6567 | D        | Noticed a golden dragon
  6623 | D        | Killed a golden dragon
  6638 | D        | Got a silver rune of Zot
  7029 | D        | Noticed Xtahua
  7048 | D        | Killed Xtahua
  7419 | D        | Noticed Frederick
  7426 | D        | Killed Frederick
  7426 | D        | Reached skill level 5 in Unarmed Combat
  7458 | D        | Got the ring "Pyamiwif" {rElec EV+3 Str+7}
  7460 | D        | Got the amulet "Wiusiha" {Gourm +Inv rF+ rC+}
  7462 | D        | Got the ring "Vaakyvat" {rN+ MR- Dex+4}
  7464 | D        | Got the ring of Xom's Regard {rN+ Str+3}
  7466 | D        | Got the ring "Ynepeh" {rF+ rN+}
  7570 | D        | Noticed Nergalle
  7573 | D        | Killed Nergalle
  7603 | D        | Noticed Margery
  7624 | D        | Killed Margery
  7652 | D        | Noticed a tentacled monstrosity
  7656 | D        | Reached skill level 10 in Unarmed Combat
  7658 | D        | Killed a tentacled monstrosity
  7787 | D        | Noticed a bone dragon
  7796 | D        | Reached XP level 18. HP: 182/182 MP: 22/27
  7796 | D        | Noticed a bone dragon
  7811 | D        | Killed a bone dragon
  7824 | D        | Killed a bone dragon
  7875 | D        | Noticed a tentacled monstrosity
  7875 | D        | Noticed a quicksilver dragon
  7880 | D        | Killed a quicksilver dragon
  7881 | D        | Killed a tentacled monstrosity
  8112 | D        | Noticed a Killer Klown
  8112 | D        | Noticed a tentacled monstrosity
  8118 | D        | Killed a tentacled monstrosity
  8130 | D        | Killed a Killer Klown
  8130 | D        | Reached skill level 27 in Armour
  8407 | D        | Noticed a quicksilver dragon
  8416 | D        | Noticed a quicksilver dragon
  8441 | D        | Killed a quicksilver dragon
  8448 | D        | Killed a quicksilver dragon
  9018 | D        | Noticed an Orb Guardian
  9018 | D        | Noticed an Orb Guardian
  9018 | D        | Noticed an Orb Guardian
  9018 | D        | Noticed an Orb Guardian
  9018 | D        | Noticed an Orb Guardian
  9018 | D        | Noticed an Orb Guardian
  9027 | D        | Killed an Orb Guardian
  9027 | D        | Reached XP level 19. HP: 184/189 MP: 28/28
  9147 | D        | Noticed an ancient lich
  9155 | D        | Killed an ancient lich
  9158 | D        | Noticed an orb of fire
  9173 | D        | Killed an orb of fire
  9680 | D        | Noticed an electric golem
  9686 | D        | Killed an electric golem
  9689 | D        | Noticed an electric golem
  9689 | D        | Noticed an ancient lich
  9689 | D        | Noticed an ancient lich
  9691 | D        | Reached skill level 27 in Shields
  9691 | D        | Noticed an orb of fire
  9692 | D        | Killed an electric golem
  9692 | D        | Noticed an orb of fire
  9695 | D        | Killed an ancient lich
  9697 | D        | Killed an ancient lich
  9697 | D        | Reached skill level 27 in Dodging
  9697 | D        | Reached XP level 20. HP: 178/201 MP: 14/30
  9697 | D        | Noticed an ancient lich
  9698 | D        | Noticed a golden dragon
  9701 | D        | Noticed an orb of fire
  9705 | D        | Killed an orb of fire
  9705 | D        | Reached skill level 15 in Invocations
  9705 | D        | Noticed a Killer Klown
  9708 | D        | Killed an ancient lich
  9709 | D        | Killed an orb of fire
  9710 | D        | Killed an orb of fire
  9713 | D        | Killed a golden dragon
  9719 | D        | Killed a Killer Klown
 10767 | D        | Noticed an ancient lich
 10770 | D        | Noticed an ancient lich
 10771 | D        | Reached XP level 21. HP: 237/237 MP: 26/37
 10776 | D        | Killed an ancient lich
 10776 | D        | Paralysed by an ancient lich for 4 turns
 10782 | D        | Paralysed by an ancient lich for 4 turns
 10787 | D        | Killed an ancient lich
 10892 | D        | Reached skill level 27 in Fighting
 10895 | D        | Reached skill level 27 in Invocations
 10928 | D        | Reached skill level 15 in Unarmed Combat
 11166 | D        | Got an elven rune of Zot
 11552 | D        | Noticed the Royal Jelly
 11558 | D        | Killed the Royal Jelly
 12335 | D        | Paralysed by a floating eye for 4 turns
 12350 | D        | Paralysed by a floating eye for 3 turns
 12355 | D        | Got a slimy rune of Zot
 12852 | D        | Reached XP level 22. HP: 221/254 MP: 23/39
 12968 | D        | Noticed a greater mummy
 12981 | D        | Killed a greater mummy
 13460 | D        | Noticed a greater mummy
 13460 | D        | Noticed a greater mummy
 13460 | D        | Noticed a greater mummy
 13469 | D        | Killed a greater mummy
 13471 | D        | Killed a greater mummy
 13471 | D        | Reached skill level 27 in Axes
 13476 | D        | Killed a greater mummy
 13476 | D        | Noticed a greater mummy
 13487 | D        | Killed a greater mummy
 13821 | D        | Got a golden rune of Zot
 13837 | D        | Reached skill level 27 in Unarmed Combat
 13852 | D        | Got an abyssal rune of Zot
 13975 | D        | Noticed Geryon
 13991 | D        | Killed Geryon
 14383 | D        | Got the Orb of Zot
 15433 | D        | Reached XP level 23. HP: 262/262 MP: 40/40
 15949 | D        | Reached skill level 27 in Throwing
 15989 | D        | Reached skill level 5 in Evocations
 16127 | D        | Noticed Xylipabb the pandemonium lord
 16134 | D        | Killed Xylipabb the pandemonium lord
 16134 | D        | Reached skill level 10 in Evocations
 16321 | D        | Noticed Dioklurch the pandemonium lord
 16326 | D        | Killed Dioklurch the pandemonium lord
 16336 | D        | Reached skill level 15 in Evocations
 16343 | D        | Noticed Safaoxosch the pandemonium lord
 16345 | D        | Noticed an ancient lich
 16352 | D        | Killed Safaoxosch the pandemonium lord
 16358 | D        | Killed an ancient lich
 16920 | D        | Noticed Gyaxt the pandemonium lord
 16931 | D        | Killed Gyaxt the pandemonium lord
 16931 | D        | Reached skill level 27 in Evocations
 16934 | D        | Reached skill level 5 in Spellcasting
 16978 | D        | Reached skill level 10 in Spellcasting
 16978 | D        | Reached XP level 24. HP: 166/272 MP: 40/40
 17351 | D        | Reached skill level 15 in Spellcasting
 17779 | D        | Noticed a seraph
 17787 | D        | Killed a seraph
 18253 | D        | Noticed a seraph
 18256 | D        | Killed a seraph
 19911 | D        | Escaped with the Orb!

Skill      XL: |  1  2  3  4  5  6  7  8  9 10 11 12 13 14 15 16 17 18 19 20 21 22 23 24 |
---------------+-------------------------------------------------------------------------+-----
Fighting       | 4 5 6 7 8 9 10 12 13 15 16 17 25 27 | 27.0
Axes           | 3 4 5 6 7 8 9 10 12 13 14 16 18 24 27 | 27.0
Armour         | 3 4 5 6 7 8 9 10 11 13 14 16 17 20 23 27 | 27.0
Shields        | 3 4 5 6 7 8 9 10 11 13 14 16 17 20 21 23 27 | 27.0
Invocations    | 1 4 6 7 9 11 12 13 24 27 | 27.0
Dodging        | 4 7 10 12 15 18 20 22 27 | 27.0
Throwing       | 3 9 13 14 24 27 | 27.0
Unarmed Combat | 12 21 27 | 27.0
Evocations     | 27 | 27.0
Spellcasting   | 10 25 | 25.5

Action                   |  1- 3 |  4- 6 |  7- 9 | 10-12 | 13-15 | 16-18 | 19-21 | 22-24 || total
-------------------------+-------+-------+-------+-------+-------+-------+-------+-------++-------
Melee: War axe           |    23 |    24 |       |       |       |       |       |       ||    47
       Broad axe         |       |    11 |    34 |    89 |   321 |   611 |   347 |   258 ||  1671
       Constrict         |       |       |       |       |    40 |    78 |    25 |    37 ||   180
Throw: Tomahawk          |       |       |       |       |    22 |       |       |       ||    22
       Javelin           |       |       |       |       |       |    15 |    15 |   314 ||   344
Invok: Slouch            |       |       |     4 |    17 |    24 |    17 |    27 |    32 ||   121
  Use: Potion            |     1 |       |       |     8 |     2 |       |       |     7 ||    18
       Scroll            |       |       |     2 |     3 |     3 |     8 |     1 |       ||    17
 Stab: Invisible         |       |       |       |       |     5 |       |       |       ||     5
  Eat: Ration            |       |       |       |     2 |     2 |     3 |     2 |     5 ||    14
       Chunk             |       |       |       |       |       |       |       |     3 ||     3
Armor: Scale mail        |    14 |       |       |       |       |       |       |       ||    14
       Ring mail         |       |    25 |    13 |    24 |       |       |       |       ||    62
       Plate armour      |       |       |       |    25 |    63 |    95 |       |       ||   183
       Gold dragon scale |       |       |       |       |       |    53 |    51 |    38 ||   142
Dodge: Dodged            |     8 |    13 |     7 |    43 |   118 |   267 |    94 |    70 ||   620
Block: Shield            |    18 |    22 |    18 |    90 |   138 |       |       |       ||   286
       Reflection        |       |       |       |     4 |    30 |     2 |     4 |     8 ||    48
       Large shield      |       |       |       |       |   211 |   641 |   289 |   252 ||  1393
